 Dungeon Crawl Stone Soup version 0.22-b1-26-g9dbaab1 (webtiles) character file.

490 dracos369 the Cudgeler (level 7, -1/70 HPs)
             Began as an Ogre Chaos Knight on Aug 8, 2018.
             Succumbed to an orc's poison
             ... on level 4 of the Dungeon.
             The game lasted 00:12:50 (4267 turns).

dracos369 the Cudgeler (Ogre Chaos Knight)          Turns: 4267, Time: 00:12:50

Health: -1/70      AC:  5    Str: 18 (19) XL:     7   Next: 14%
Magic:  4/12       EV: 15    Int: 11 (13) God:    Xom [.*....]
Gold:   228        SH:  0    Dex: 12 (13) Spells: 11/13 levels left

rFire    + . .     SeeInvis .   u - +0 giant club
rCold    . . .     Gourm    .   (shield currently unavailable)
rNeg     . . .     Faith    .   h - +2 robe {MR+}
rPois    .         Spirit   +   (helmet restricted)
rElec    .         Reflect  .   k - scarf {Spirit}
rCorr    .         Harm     .   (gloves unavailable)
MR       +....                  (boots unavailable)
Stlth    ++........             (no amulet)
HPRegen  0.21/turn              (no ring)
MPRegen  0.13/turn              (no ring)

@: agile, lethally poisoned (-1 -> -27)
A: large, unfitting armour, blurry vision 1, fire resistance 1, mutation
resistance 1, screaming 1, tough skin 1, wild magic 1
a: Renounce Religion


You were on level 4 of the Dungeon.
You worshipped Xom.
You were a plaything of Xom.
You were hungry.

You visited 1 branch of the dungeon, and saw 4 of its levels.

You collected 228 gold pieces.

Inventory:

Hand Weapons
 u - a +0 giant club (weapon)
Missiles
 s - 3 tomahawks (quivered)
Armour
 h - a +2 robe of magic resistance (worn)
 k - a scarf of spirit shield (worn)
Scrolls
 a - a scroll of immolation {unknown}
 d - 2 scrolls of fear {unknown}
 e - 3 scrolls of enchant weapon {unknown}
 j - 3 scrolls of remove curse
 m - 3 scrolls of identify {unknown}
 n - a scroll of amnesia {unknown}
 p - 2 scrolls of teleportation {unknown}
Potions
 f - a potion of mutation
 g - a potion of degeneration
 i - a potion of might {unknown}
 l - a potion of agility
 t - a potion of haste {unknown}
Comestibles
 c - 8 rations


   Skills:
 - Level 4.0 Fighting
 * Level 5.8 Maces & Flails
 + Level 1.4 Throwing
 - Level 2.1 Dodging
 + Level 3.6 Spellcasting
 - Level 1.0 Necromancy
 - Level 1.0 Translocations


You had 11 spell levels left.
You knew the following spells:

 Your Spells              Type           Power        Failure   Level  Hunger
a - Apportation           Tloc           #.....       22%         1    #......
c - Animate Skeleton      Necr           N/A          22%         1    #......

Your spell library contained the following spells:

 Spells                   Type           Power        Failure   Level  Hunger
 Summon Small Mammal      Summ           #...         34%         1    #......
 Confusing Touch          Hex            #.....       34%         1    #......


Dungeon Overview and Level Annotations

Branches:
Dungeon (4/15)
 Temple: D:4-7

Altars:
Fedhas
Gozag
Qazlal
Ru

Annotations:
D:2 exclusion: oklob plant


Innate Abilities, Weirdness & Mutations

You are too large for most types of armour.
You have tough skin. (AC +1)
Scrolls take you a little longer to read.
Your flesh is heat resistant. (rF+)
You are somewhat resistant to further mutation.
You occasionally shout uncontrollably at your foes.
Your spells are a little harder to cast, but a little more powerful.


Message History

You bludgeon the orc!!
You kill the orc!
You are feeling hungry.
* * * LOW HITPOINT WARNING * * *
You feel sick. The orc closely misses you. The orc hits you but does no damage.
You sock the orc!
You kill the orc!
* * * LOW HITPOINT WARNING * * *
You feel very sick.
The orc hits you from afar with a trident of venom!
* * * LOW HITPOINT WARNING * * *
You are more poisoned.
The orc misses you.
* * * LOW HITPOINT WARNING * * *
You feel sick.
Items here: ))) [ † a hand axe x2; a dagger of protection; a robe; an orc corpse You barely miss the orc.
You die...
Xom giggles madly!

#..# #.# #.# #.#.# *,,
,,,, #..###'###.# #.#.#
*,,,, , ,,
#..###_'...###.#.# * , ,,
⌠ ###..###'###..##.#.# *
,,,, , , #....# #.#
#..##[#.# * , , ,,,⌠
####.###.###..##.#.#####*
,, #............).......
, ,,
#.##....[.....o......, ,
,*
#.########<##@#.#####*,
#.###########.#.# ,
#.............#.#
############### # * *,* *
* *,* *,* , *** ,* * *


You could see an orc.

Vanquished Creatures
  An ogre (D:4)
  Crazy Yiuf (D:2)
  An orc priest (D:3)
  A hound (D:4)
  3 orc wizards
  Jessica (D:2)
  A worker ant (D:4)
  A gnoll (D:1)
  8 adders
  2 oozes
  4 worms
  A dart slug (D:2)
  2 leopard geckos
  10 orcs
  4 ball pythons
  5 giant cockroaches
  8 goblins
  7 hobgoblins
  A jackal (D:3)
  4 kobolds
  7 bats
  2 frilled lizards
  8 rats
83 creatures vanquished.

Vanquished Creatures (collateral kills)
  A kobold (D:3)
  A frilled lizard (D:3)
2 creatures vanquished.

Grand Total: 85 creatures vanquished

Notes
Turn   | Place    | Note
-------+----------+-------------------------------------------
     0 | D:1      | dracos369 the Ogre Chaos Knight began the quest for the Orb.
     0 | D:1      | Reached XP level 1. HP: 24/24 MP: 1/1
   187 | D:1      | Reached skill level 3 in Maces & Flails
   407 | D:1      | Reached XP level 2. HP: 31/32 MP: 2/2
   574 | D:1      | XOM: mild Erth miscast
   706 | D:1      | XOM is BORED!
   706 | D:1      | XOM: medium Fire miscast
   758 | D:1      | XOM: harmless Erth miscast
  1115 | D:1      | Reached XP level 3. HP: 28/39 MP: 3/3
  1137 | D:2      | Learned a level 1 spell: Apportation
  1139 | D:2      | Learned a level 1 spell: Animate Skeleton
  1259 | D:2      | Reached skill level 4 in Maces & Flails
  1259 | D:2      | Reached skill level 1 in Spellcasting
  1263 | D:2      | Reached XP level 4. HP: 25/48 MP: 4/6
  1409 | D:2      | Found a blossoming altar of Fedhas.
  1430 | D:2      | Noticed an oklob plant
  1455 | D:2      | XOM: give mutations
  1455 | D:2      | Gained mutation: Scrolls take you a little longer to read. [Xom's mischief]
  1455 | D:2      | Gained mutation: Your body sometimes deteriorates upon taking damage. [Xom's mischief]
  1455 | D:2      | Gained mutation: You occasionally shout uncontrollably at your foes. [Xom's mischief]
  1640 | D:2      | Found a runed door.
  1725 | D:2      | Noticed Jessica
  1727 | D:2      | XOM: harmless Necr miscast
  1739 | D:2      | XOM: swap monsters
  1740 | D:2      | Killed Jessica
  1877 | D:2      | Reached XP level 5. HP: 48/54 MP: 6/8
  2079 | D:2      | XOM: noise
  2196 | D:2      | Noticed Crazy Yiuf
  2203 | D:2      | Killed Crazy Yiuf
  2203 | D:2      | Reached skill level 1 in Necromancy
  2337 | D:3      | XOM: confusion (+ monsters)
  2353 | D:3      | Reached skill level 1 in Translocations
  2422 | D:3      | XOM: 1-stop teleportation journey
  2445 | D:3      | XOM: mild Conj miscast
  2601 | D:3      | XOM: harmless Tloc miscast
  2709 | D:3      | Reached skill level 5 in Maces & Flails
  2709 | D:3      | Reached XP level 6. HP: 57/62 MP: 7/10
  2789 | D:3      | Found a sacrificial altar of Ru.
  2893 | D:3      | Found an opulent altar of Gozag.
  2984 | D:3      | XOM: give mutation
  2984 | D:3      | Lost mutation: Your body sometimes deteriorates upon taking damage. [Xom's mischief]
  3152 | D:3      | XOM: give mutations
  3152 | D:3      | Gained mutation: You are somewhat resistant to further mutation. [Xom's grace]
  3152 | D:3      | Gained mutation: Your mind is acute. (Int +2) [Xom's grace]
  3152 | D:3      | Gained mutation: Your spells are a little harder to cast, but a little more powerful. [Xom's grace]
  3176 | D:4      | XOM: divination: magic mapping
  3182 | D:4      | XOM: noise
  3209 | D:4      | Found a stormy altar of Qazlal.
  3534 | D:4      | Reached skill level 1 in Throwing
  3551 | D:4      | Reached XP level 7. HP: 69/70 MP: 12/12
  3568 | D:4      | Found a stormy altar of Qazlal.
  3912 | D:4      | XOM: give mutations
  3912 | D:4      | Gained mutation: Armour fits poorly on your strangely shaped body. [Xom's mischief]
  3912 | D:4      | Gained mutation: You are frail. (-10% HP) [Xom's mischief]
  3912 | D:4      | Gained mutation: Your flesh is heat resistant. (rF+) [Xom's mischief]
  3912 | D:4      | Lost mutation: Armour fits poorly on your strangely shaped body. [Xom's mischief]
  4152 | D:4      | XOM is BORED!
  4208 | D:4      | XOM: noise
  4259 | D:4      | Lost mutation: You are frail. (-10% HP) [potion of mutation]
  4259 | D:4      | Lost mutation: Your mind is acute. (Int +2) [potion of mutation]
  4266 | D:4      | HP: 3/70 [poisoned by an orc]
  4267 | D:4      | Succumbed to an orc's poison

Skill      XL: |  1  2  3  4  5  6 |
---------------+-------------------+-----
Maces & Flails | 3 4 5 |  5.8
Spellcasting   | 1 2 3 |  3.6
Necromancy     | 1 |  1.0
Translocations | 1 |  1.0
Throwing       | 1 |  1.4
Fighting       | |  4.0
Dodging        | |  2.1

Action                   |  1- 3 |  4- 6 |  7- 9 || total
-------------------------+-------+-------+-------++-------
Melee: Mace              |    53 |    58 |       ||   111
       Quarterstaff      |       |    91 |       ||    91
       Giant club        |       |    10 |    27 ||    37
 Cast: Animate Skeleton  |     2 |    11 |       ||    13
  Use: Scroll            |       |     1 |       ||     1
       Potion            |       |       |     3 ||     3
 Stab: Paralysed         |       |     2 |       ||     2
       Confused          |       |     1 |       ||     1
  Eat: Chunk             |     1 |     8 |     2 ||    11
Armor: Robe              |    36 |    52 |    11 ||    99
Dodge: Dodged            |    50 |    78 |    21 ||   149
